 Dungeon Crawl Stone Soup version 0.18-b1-2-gd0c887e (webtiles) character file.

16 RudyRod the Firebug (level 2, -1/19 HPs)
             Began as a Demonspawn Fire Elementalist on Apr 28, 2016.
             Slain by a worm (9 damage)
             ... on level 2 of the Dungeon.
             The game lasted 00:14:50 (1385 turns).

RudyRod the Firebug (Demonspawn Fire Elementalist)  Turns: 1385, Time: 00:14:51

Health: -1/19      AC:  3    Str:  8    XL:     2   Next: 37%
Magic:  5/5        EV: 12    Int: 22    God:
Gold:   45         SH:  0    Dex: 13    Spells: 1 memorised, 4 levels left

rFire  . . .     SeeInvis .     h - +0 hand axe (venom)
rCold  . . .     Gourm    .     a - +0 robe
rNeg   . . .     Faith    .     (no shield)
rPois  .         Spirit   .     (no helmet)
rElec  .         Dismiss  .     (no cloak)
rCorr  .         Reflect  .     (no gloves)
SustAt .         Harm     .     d - +0 pair of boots
MR     .....                    (no amulet)
Stlth  ++........               (no ring)
                                l - +6 ring of intelligence

@: not resistant to hostile enchantments, unstealthy
A: claws 1
a: no special abilities


You were on level 2 of the Dungeon.
You were hungry.

You visited 1 branch of the dungeon, and saw 2 of its levels.

You collected 45 gold pieces.

Inventory:

Hand Weapons
 e - a +0 club
 h - a +0 hand axe of venom (weapon)
Armour
 a - a +0 robe (worn)
 d - a +0 pair of boots (worn)
 i - a +0 robe
Jewellery
 l - a +6 ring of intelligence (left claw)
Wands
 g - a wand of paralysis (10/24)
Potions
 f - a potion of might {unknown}
 j - a potion of degeneration
Books
 b - a book of Flames

   Spells                             Type                      Level
   a - Flame Tongue                   Conjuration/Fire             1
   b - Throw Flame                    Conjuration/Fire             2
   c - Conjure Flame                  Conjuration/Fire             3
   d - Inner Flame                    Hexes/Fire                   3
   e - Sticky Flame                   Conjuration/Fire             4
   f - Fireball                       Conjuration/Fire             5
Comestibles
 c - 3 bread rations


   Skills:
 + Level 1.9 Dodging
 + Level 1.9 Stealth
 + Level 2.1 Spellcasting
 + Level 1.0 Conjurations
 + Level 3.2 Fire Magic


You had 4 spell levels left.
You knew the following spells:

 Your Spells              Type           Power        Failure   Level  Hunger
a - Flame Tongue          Conj/Fire      ##...        8%          1    #......


Dungeon Overview and Level Annotations

Branches:
Dungeon (2/15)

Altars:
Nemelex Xobeh
Xom


Innate Abilities, Weirdness & Mutations

You have sharp fingernails.


Message History

As you read the scroll labeled XUCZYG ZEOGU, it crumbles to dust.
You feel as if something is helping you.
It was a scroll of remove curse.
You remove your -3 ring of evasion.
You drop a -3 ring of evasion.
Welcome back, RudyRod the Demonspawn Fire Elementalist.
Press ? for a list of commands and other information.
You see here a -3 ring of evasion.
There is a sparkling altar of Nemelex Xobeh here.
You kneel at the altar of Nemelex Xobeh.
A worm comes into view.
You barely miss the worm. The worm bites you.
You hit the worm but do no damage.
The worm is poisoned.
You hit the worm.
The worm looks even sicker.
The worm is lightly wounded.
The worm bites you!
You hit the worm.
The worm is heavily wounded.
The worm bites you!
You die...

#####........#
#####............#
......####^####..#
#####.#....)..#..#
#.#.......#..#
#####.#.......#..#
<........._...#..#
#####=#.......#..#
..>...#.......#.@#
##....#.......#.w#
#.....#########..#
#............ ...#
#.....##.##.##.#..
.....## # #...#
#.#### ###.# #.
#.# #.


You could see a worm.

Vanquished Creatures
  A dart slug (D:2)
  2 bats (D:1)
  2 goblins (D:1)
  2 giant newts
  4 kobolds
  3 rats (D:1)
14 creatures vanquished.

Notes
Turn   | Place    | Note
--------------------------------------------------------------
     0 | D:1      | RudyRod the Demonspawn Fire Elementalist began the quest for the Orb.
     0 | D:1      | Reached XP level 1. HP: 13/13 MP: 3/3
   365 | D:1      | Reached skill level 3 in Fire Magic
   670 | D:1      | Gained mutation: You have sharp fingernails. [demonic ancestry]
   670 | D:1      | Reached XP level 2. HP: 17/19 MP: 3/5
  1309 | D:2      | Found a shimmering altar of Xom.
  1312 | D:2      | Found a shimmering altar of Xom.
  1312 | D:2      | Found a shimmering altar of Xom.
  1313 | D:2      | Found a shimmering altar of Xom.
  1313 | D:2      | Found a shimmering altar of Xom.
  1314 | D:2      | Found a shimmering altar of Xom.
  1315 | D:2      | Found a shimmering altar of Xom.
  1334 | D:2      | Found a sparkling altar of Nemelex Xobeh.
  1385 | D:2      | Slain by a worm

Skill      XL: |  1 |
---------------+----+-----
Fire Magic     | 3 |  3.2
Dodging        | |  1.9
Stealth        | |  1.9
Spellcasting   | |  2.1
Conjurations   | |  1.0

Action                   || total
-------------------------++-------
Melee: Club              ||     8
       Unarmed           ||     6
       Hand axe          ||     4
 Cast: Flame Tongue      ||    20
  Use: Scroll            ||     2
  Eat: Chunk             ||     1
Armor: Robe              ||     4
Dodge: Dodged            ||    13
